 Dungeon Crawl Stone Soup version 0.27-a0-978-g2aa4ecdaef (webtiles) character file.

Game seed: 9907606503590920250

79 spiderkeys the Insei (level 4, -2/29 HPs)
             Began as an Octopode Transmuter on Apr 15, 2021.
             Slain by Grinder (10 damage)
             ... on level 3 of the Dungeon.
             The game lasted 00:01:58 (2310 turns).

spiderkeys the Insei (Octopode Transmuter)          Turns: 2310, Time: 00:01:59

Health: -2/29      AC:  1    Str: 10    XL:     4   Next: 37%
Magic:  7/7        EV: 13    Int: 15    God:
Gold:   91         SH:  0    Dex: 12    Spells: 6/7 levels left

rFire    . . .     SeeInvis .     - Unarmed
rCold    . . .     Faith    .   (no shield)
rNeg     . . .     Spirit   .   (helmet currently unavailable)
rPois    .         Reflect  .   c - amulet of the acrobat
rElec    .         Harm     .   (no ring)
rCorr    .         Rampage  .   (no ring)
Will     .....                  (no ring)
Stlth    ++........             (no ring)
HPRegen  0.09/turn              (no ring)
MPRegen  0.10/turn              (no ring)
                                (no ring)
                                (no ring)

@: appendages
A: tentacle spike 3, almost no armour, amphibious, 8 rings, camouflage 1,
gelatinous body 1, (nimble swimmer 1), tentacles
a: End Transformation


You were on level 3 of the Dungeon.
One of your tentacles had grown a beastly spike.
You visited 1 branch of the dungeon, and saw 3 of its levels.

You collected 91 gold pieces.

Inventory:

Missiles
 f - 4 atropa-tipped darts
Jewellery
 c - an amulet of the acrobat (around mantle)
Potions
 a - a potion of invisibility
 b - a potion of heal wounds {unknown}
 d - a potion of ambrosia {unknown}
 e - a potion of mutation {unknown}


   Skills:
 + Level 2.1 Fighting
 + Level 2.7 Dodging
 + Level 3.5 Unarmed Combat
 - Level 2.0 Spellcasting
 + Level 2.8 Transmutations


You had 6 spell levels left.
You knew the following spells:

 Your Spells              Type           Power      Damage    Failure   Level
a - Beastly Appendage     Tmut           18%        N/A       7%          1

Your spell library contained the following spells:

 Spells                   Type           Power      Damage    Failure   Level
 Wereblood                Tmut           9%         N/A       11%         2
 Spider Form              Tmut/Pois      2%         N/A       36%         3
 Confusing Touch          Hex            1%         N/A       54%         3
 Gell's Gravitas          Tloc           0%         N/A       54%         3
 Ice Form                 Ice/Tmut       5%         N/A       77%         4
 Petrify                  Tmut/Erth      5%         N/A       77%         4
 Hydra Form               Tmut           4%         N/A       89%         5
 Yara's Violent Unravell  Hex/Tmut       2%         3d3       98%         5
 Metabolic Englaciation   Hex/Ice        0%         N/A       99%         5


Dungeon Overview and Level Annotations

Branches:
Dungeon (3/15)

Altars:

Annotations:
D:3 Grinder


Innate Abilities, Weirdness & Mutations

One of your tentacles has grown a beastly spike.
You cannot wear most types of armour.
You are amphibious.
You can wear up to eight rings at the same time.
Your skin changes colour to match your surroundings (Stealth+).
Your rubbery body absorbs attacks. (AC +1, EV +1)
((You are camouflaged near water. (Stealth+)))
You have tentacles for arms and can constrict up to eight enemies at once.


Message History

You constrict the adder. The adder bites you.
An adder is nearby!
You tentacle-slap the adder.
You kill the adder!
No target in view!
Your tentacle spike disappears.
You now have 91 gold pieces (gained 15).
Found a hand axe.
Grinder comes into view.
One of your tentacles grows a vicious spike.
Grinder gestures at you.
You suddenly lose the ability to move!
Grinder gestures at you.
You shrug off the repeated paralysis!
Grinder hits you! Grinder gestures at you. Pain shoots through your body!
You can move again.
You closely miss Grinder. You grab Grinder. You constrict Grinder.
Grinder hits you!
You writhe in agony.
You are too injured to fight recklessly!
You are too injured to fight recklessly!
You are too injured to fight recklessly!
You are too injured to fight recklessly!
You tentacle-slap Grinder. You squeeze Grinder!
Grinder is moderately wounded.
You constrict Grinder, but do no damage.
Grinder struggles to blink free from constriction.
You tentacle-slap Grinder.
Grinder is moderately wounded.
You constrict Grinder. Grinder completely misses you.
You tentacle-slap Grinder.
You pierce Grinder.
Grinder is heavily wounded.
You constrict Grinder. Grinder hits you.
You writhe in agony.
* * * LOW HITPOINT WARNING * * *
You tentacle-slap Grinder.
You pierce Grinder.
Grinder is severely wounded.
You constrict Grinder, but do no damage.
Grinder hits you!
You die...

#### ## ### ##... ..
##.## #.###
#.##.#.## #.# #
#.5@###.########.###
###.)##
##...8#....... ....#
###.....######
##.##.## #8.8...8#
#..##.###..._...#
#.##..#.8.8.8..#
#.##.#.........#
#.##.#####8.8.### #
#<##.# #....)...#


You could see Grinder.

Vanquished Creatures
  3 adders
  2 dart slugs (D:1)
  2 ball pythons (D:2)
  A giant cockroach (D:1)
  2 goblins (D:1)
  5 hobgoblins
  12 jackals
  A quokka (D:2)
  5 bats
  A frilled lizard (D:1)
  7 kobolds
  3 rats (D:2)
44 creatures vanquished.

Notes
Turn   | Place    | Note
-------+----------+-------------------------------------------
     0 | D:1      | spiderkeys the Octopode Transmuter began the quest for the
                  | Orb.
     0 | D:1      | Reached XP level 1. HP: 13/13 MP: 3/3
   137 | D:1      | Reached XP level 2. HP: 18/18 MP: 3/5
  1057 | D:2      | Reached XP level 3. HP: 23/23 MP: 4/6
  2017 | D:3      | Found a faded altar of an unknown god.
  2153 | D:3      | Reached XP level 4. HP: 25/29 MP: 4/7
  2299 | D:3      | Noticed Grinder
  2300 | D:3      | Paralysed by Grinder for 6 turns
  2310 | D:3      | Slain by Grinder

Illustrated notes

Levels and vault maps discovered:
D:1:      minmay_arrival_doors, layout_loops_cross,
          chequers_serial_rivers_micro_c
D:2:      layout_loops_ring, minmay_misc_feat_rugged
D:3:      layout_loops_ring, ebering_ecumenical_altar_ruins, uniq_grinder

Skill      XL: |  1  2  3 |
---------------+----------+-----
Fighting       | 2 |  2.1
Dodging        | |  2.7
Unarmed Combat | |  3.5
Spellcasting   | |  2.0
Transmutations | |  2.8

Action                   |  1- 3 |  4- 6 || total
-------------------------+-------+-------++-------
Melee: Unarmed           |    83 |    17 ||   100
       Constrict         |    30 |     4 ||    34
       Tentacles         |    10 |     1 ||    11
       Kick              |    14 |     4 ||    18
       Punch             |     1 |     1 ||     2
 Cast: Beastly Appendage |    21 |     3 ||    24
  Use: Scroll            |     3 |       ||     3
 Stab: Sleeping          |     6 |     1 ||     7
       Distracted        |     1 |       ||     1
Armor: Skin              |    11 |     1 ||    12
Dodge: Dodged            |    61 |    13 ||    74

Table legend: (Time is in decaauts)
 A = Elapsed time spent in this place.
 B = Non-inter-level travel time spent in this place.
 C = Inter-level travel time spent in this place.
 D = Time resting spent in this place.
 E = Time spent auto-exploring this place.
 F = Levels seen in this place.
 G = Mean time per level.
                   A        B        C        D        E       F      G
               +--------+--------+--------+--------+--------+-----+--------+
         Total |   2303 |   2219 |     84 |      0 |   1952 |   3 |  767.7 |
       Dungeon |   2303 |   2219 |     84 |      0 |   1952 |   3 |  767.7 |
               +--------+--------+--------+--------+--------+-----+--------+

Top non-repeatable levels by time:
     D:1: 1051 daAuts
     D:2: 949 daAuts
     D:3: 303 daAuts
